 Dungeon Crawl Stone Soup version 0.32-a0-656-g3542139ebd (webtiles) character file.

Game seed: 6930326622266455299

92618 kae the Fencer (level 16, -5/124 HPs)
             Began as a Coglin Gladiator on Mar 8, 2024.
             Was the Champion of Okawaru.
             Slain by an 18-headed hydra (6 damage)
             ... on level 15 of the Dungeon.
             The game lasted 00:25:48 (21266 turns).

kae the Fencer (Coglin Gladiator)                  Turns: 21266, Time: 00:25:49

Health: -5/124     AC: 28    Str: 16    XL:     16   Next: 6%
Magic:  23/23      EV:  5    Int:  2    God:    Okawaru [******]
Gold:   1667       SH:  0    Dex: 22    Spells: 15/15 levels left

rFire   + . .        H - +4 long sword (freeze) {Akal}
rCold   + + +        v - +6 scimitar of the Enemy {venom, rElec rPois rC+++ Int-4}
rNeg    . . .        l - +1 crystal plate armour of Okawaru's Benevolence {rF+ Int-4 Dex+2, rare}
rPois   +            c - +2 helmet
rElec   +            (no cloak)
rCorr   +            (no gloves)
SInv    .            n - +2 pair of boots
Will    +....        (amulet unavailable) Stlth
                     (ring unavailable)
HPRegen 1.20/turn    (ring unavailable)
MPRegen 0.18/turn    q
                       - N-8700 neosubsystem {Gadgeteer, rPois rCorr Slay+3}

%: no passive effects
@: studying 2 skills, revved
A: off-hand wielding, slow wielding, warmup strikes, no jewellery, cold
resistance 1, regeneration 1
a: Renounce Religion, Heroism, Finesse, Duel


You were on level 15 of the Dungeon.
You worshipped Okawaru.
Okawaru was exalted by your worship.
You visited 3 branches of the dungeon, and saw 21 of its levels.
You also visited: Sewer and Ice Cave.

You collected 1842 gold pieces.
You spent 175 gold pieces at shops.


Innate Abilities, Weirdness & Mutations

You can wield a second weapon in your off-hand.
It takes a long time for you to wield or remove held weapons.
Your first few attacks do less damage.
You cannot equip rings or amulets.
Your flesh is cold resistant. (rC+)
Your natural rate of healing is unusually fast.


   Skills:
 + Level 10.9 Fighting
 + Level 16.5 Long Blades
 + Level 8.9 Throwing
 + Level 10.7 Armour
 + Level 9.0 Dodging
 + Level 10.3 Invocations
 + Level 3.7 Evocations


You had 15 spell levels left.
You didn't know any spells.
Your spell library contained the following spells:

 Spells                   Type           Power      Damage    Failure   Level
 Foxfire                  Conj/Fire      0%         2x1d4     100%        1
 Magic Dart               Conj           0%         1d3       100%        1
 Sandblast                Erth           0%         2d4       100%        1
 Shock                    Conj/Air       0%         1d3       100%        1
 Slow                     Hex            0%         N/A       100%        1
 Blink                    Tloc           0%         N/A       100%        2
 Lesser Beckoning         Tloc           0%         N/A       100%        2
 Mercury Vapours          Alch/Air       0%         N/A       100%        2
 Momentum Strike          Conj/Tloc      0%         3d8       100%        2
 Searing Ray              Conj           0%         2d4       100%        2
 Confusing Touch          Hex            0%         N/A       100%        3
 Dazzling Flash           Conj/Hex       0%         N/A       100%        3
 Mephitic Cloud           Conj/Alch/Air  0%         N/A       100%        3
 Ozocubu's Armour         Ice            0%         N/A       100%        3
 Passwall                 Erth           0%         N/A       100%        3
 Sigil of Binding         Hex            0%         N/A       100%        3
 Stone Arrow              Conj/Erth      0%         3d7       100%        3
 Swiftness                Air            0%         N/A       100%        3
 Vampiric Draining        Necr           0%         2d6       100%        3
 Airstrike                Air            0%         2d(0-16)  100%        4
 Anguish                  Hex/Necr       0%         N/A       100%        4
 Brom's Barrelling Bould  Conj/Erth      0%         2d3       100%        4
 Cause Fear               Hex            0%         N/A       100%        4
 Dimensional Bullseye     Hex/Tloc       0%         N/A       100%        4
 Fulminant Prism          Conj/Alch      0%         3d5       100%        4
 Iskenderun's Mystic Bla  Conj/Tloc      0%         2d3       100%        4
 Curse of Agony           Necr           0%         N/A       100%        5
 Freezing Cloud           Conj/Ice/Air   0%         6-21      100%        5
 Metabolic Englaciation   Hex/Ice        0%         N/A       100%        5
 Silence                  Hex/Air        0%         N/A       100%        5
 Plasma Beam              Fire/Air       0%         2x1d10    100%        6
 Starburst                Conj/Fire      0%         6d3       100%        6
 Enfeeble                 Hex            0%         N/A       100%        7
 Call Imp                 Summ           Unusable   N/A       N/A         2
 Tukima's Dance           Hex            Unusable   N/A       N/A         3
 Summon Forest            Summ/Tloc      Unusable   N/A       N/A         5
 Summon Mana Viper        Hex/Summ       Unusable   N/A       N/A         5
 Sculpt Simulacrum        Ice/Alch       Unusable   N/A       N/A         6
 Summon Cactus Giant      Summ           Unusable   N/A       N/A         6

Inventory:

Hand Weapons
 a - a +3 long sword of draining {Chikashi}
 f - a +0 dagger {Renate}
 v - the +6 scimitar of the Enemy (offhand) {venom, rElec rPois rC+++ Int-4}
   (Okawaru gifted it to you on level 11 of the Dungeon)

   Int-4:     It affects your intelligence (-4).
   rC+++:     It renders you almost immune to cold.
   rElec:     It insulates you from electricity.
   rPois:     It protects you from poison.
 G - a +5 falchion {Miranda}
   (You took it off a wight on level 8 of the Dungeon)
 H - a +4 long sword of freezing (weapon) {Akal}
   (You took it off a wight on level 7 of the Dungeon)
Missiles
 d - 2 throwing nets {=f!f}
 e - 16 javelins
 i - 106 poisoned darts
 j - 222 stones
 y - 2 datura-tipped darts
 R - 4 silver javelins
 U - 7 curare-tipped darts {=f}
 W - 5 boomerangs
 Y - 3 atropa-tipped darts
Armour
 c - a +2 helmet (worn)
 g - the +0 leather armour "Nehiefyz" {Dex+3}
   (You found it on level 2 of the Dungeon)

   Dex+3:     It affects your dexterity (+3).
 l - the +1 crystal plate armour of Okawaru's Benevolence (worn) {rF+ Int-4 Dex+2, rare}
   (Okawaru gifted it to you on level 11 of the Dungeon)

   Int-4:     It affects your intelligence (-4).
   Dex+2:     It affects your dexterity (+2).
   rF+:       It protects you from fire.
 n - a +2 pair of boots (worn)
   (You found it on level 10 of the Dungeon)
Magical Staves
 o - a staff of air {!a}
   (You took it off a centaur on level 12 of the Dungeon)
 K - a staff of alchemy {!a}
   (You found it on level 10 of the Dungeon)
 Z - a staff of earth {!a}
   (You found it on level 5 of the Lair of Beasts)
Gizmo
 q - a N-8700 neosubsystem (installed) {Gadgeteer, rPois rCorr Slay+3}
   (You invented it yourself on level 12 of the Dungeon)

   [N-8700 neosubsystem]

   Gadgeteer: Your evocable items recharge 30% faster and wands have a 30%
   chance to not spend a charge.
   Slay+3:    It affects your accuracy & damage with ranged weapons and melee
   (+3).
   rPois:     It protects you from poison.
   rCorr:     It protects you from acid and corrosion.
Jewellery
 E - a +5 ring of evasion
   (You took it off a centaur warrior on level 13 of the Dungeon)
Wands
 A - a wand of polymorph (5)
   (You found it on level 14 of the Dungeon)
 B - a wand of mindburst (21)
   (You took it off Joseph on level 7 of the Dungeon)
 I - a wand of warping (1) (quivered)
   (You found it on level 11 of the Dungeon)
 J - a wand of digging (10)
   (You found it on level 10 of the Dungeon)
Scrolls
 p - a scroll of fog
 t - 6 scrolls of teleportation {@r4}
 D - a scroll of enchant weapon
 F - a scroll of identify {@r1}
 L - 4 scrolls of amnesia
 N - a scroll of revelation
 P - 3 scrolls of fear
 Q - a scroll of silence {!r}
 T - 2 scrolls of poison {!r}
 V - 3 scrolls of vulnerability {!r!r}
Potions
 b - 8 potions of heal wounds {@q2}
 h - 7 potions of curing {@q1}
 k - 3 potions of magic
 m - a potion of ambrosia
 r - 3 potions of lignification {!q}
 s - 2 potions of attraction {!q}
 u - 4 potions of cancellation
 w - a potion of haste {@q3}
 x - 4 potions of mutation {!q}
 z - 3 potions of enlightenment
 C - 3 potions of might
 O - 5 potions of brilliance
 S - a potion of resistance {unknown}

Dungeon Overview and Level Annotations

Branches:
Dungeon (15/15) Zot: 26538  Temple (1/1) D:5 Zot: 5939    Lair (5/5) D:9 Zot: 24346
 Shoals (0/4) Lair:2       Spider (0/4) Lair:2        Slime (0/5) Lair:5
    Orc (0/2) D:12         Vaults (0/5) D:13         Depths (0/4) D:15
  Sewer (visited)           IceCv (visited)

Altars:
Ashenzari
Cheibriados
Dithmenos
Elyvilon
Fedhas
Gozag
Hepliaklqana
Kikubaaqudgha
Makhleb
Nemelex Xobeh
Okawaru
Qazlal
Ru
Sif Muna
Trog
Uskayaw
Vehumet
Wu Jian
Xom
Yredelemnul
Zin
The Shining One
Jiyva

Shops:
D:3 *   D:7 ?   D:8 *

Portals:
Abyss: D:6

Annotations:
D:6 2 transporters, Konar's ghost, novice CoHu

###.......##
.##.<......####
.#......#..##.##########
..............#........#
.)...##.##........####.#
.....#..#.######### ##.#
.........###.###.#####.#
.....#...##....H..)†)..#
....###..##...FD@.†....#
....###..#....D##$.###.#
.........##... ######.#
...###...##.. #.#
....#....#.> #.#
.........## #.# .......#
.# .........# .........#


You could see a 18-headed hydra (slow), a seven-headed hydra, a manticore and a
cane toad shaped shifter.


Message History

You slash the seven-headed hydra with the +6 scimitar of the Enemy!
You lop one of the seven-headed hydra's heads off!
The six-headed hydra grows two more!
You slash the eight-headed hydra with your +4 long sword of freezing!
The eight-headed hydra seems to slow down.
You freeze the eight-headed hydra. 😨 HP[+1]
You slice one of the eight-headed hydra's heads off!
The seven-headed hydra grows two more!
You hit the nine-headed hydra with your +4 long sword of freezing.
The nine-headed hydra seems to slow down.
You freeze the nine-headed hydra.
You lop one of the nine-headed hydra's heads off!
The eight-headed hydra grows two more!
You slash the ten-headed hydra with the +6 scimitar of the Enemy!
Unknown command. 😨 HP[+1]
You slice one of the ten-headed hydra's heads off!
The nine-headed hydra grows two more!
You slash the 11-headed hydra with your +4 long sword of freezing!
You freeze the 11-headed hydra.
You lop one of the 11-headed hydra's heads off!
The ten-headed hydra grows two more!
You slash the 12-headed hydra with the +6 scimitar of the Enemy!
The 12-headed hydra barely misses you.
The 12-headed hydra bites you but does no damage. x3
The 12-headed hydra barely misses you.
The 12-headed hydra bites you but does no damage. x5
The 12-headed hydra bites you!
* * * LOW HITPOINT WARNING * * *
The 12-headed hydra bites you.
* * * LOW HITPOINT WARNING * * *
😨 HP[-14]
You take 14 damage, and now have 45/124 hp.
You chop one of the 12-headed hydra's heads off!
The 11-headed hydra grows two more!
You slash the 13-headed hydra with your +4 long sword of freezing!
The 13-headed hydra seems to slow down.
You freeze the 13-headed hydra!
You chop one of the 13-headed hydra's heads off!
The 12-headed hydra grows two more!
You slash the 14-headed hydra with the +6 scimitar of the Enemy!
The manticore barely misses you. The manticore completely misses you.
The manticore claws you.
* * * LOW HITPOINT WARNING * * *
A seven-headed hydra comes into view. 😨 HP[-2]
You take 2 damage, and now have 43/124 hp.
Unknown command.
You slice one of the 14-headed hydra's heads off!
The 13-headed hydra grows two more!
You slash the 15-headed hydra with the +6 scimitar of the Enemy!
You hack one of the 15-headed hydra's heads off!
The 14-headed hydra grows two more!
You slash the 16-headed hydra with your +4 long sword of freezing!
The 16-headed hydra seems to slow down.
You freeze the 16-headed hydra.
The 16-headed hydra bites you but does no damage.
The 16-headed hydra bites you.
* * * LOW HITPOINT WARNING * * *
The 16-headed hydra bites you but does no damage. x10
The 16-headed hydra bites you.
* * * LOW HITPOINT WARNING * * *
The 16-headed hydra bites you but does no damage. x2
The 16-headed hydra barely misses you. The manticore bites you.
* * * LOW HITPOINT WARNING * * *
The manticore barely misses you.
The manticore claws you but does no damage. 😨 HP[-9]
You take 9 damage, and now have 34/124 hp.
You hack one of the 16-headed hydra's heads off!
The 15-headed hydra grows two more!
You slash the 17-headed hydra with the +6 scimitar of the Enemy!
You hit the 17-headed hydra but do no damage. 😨 HP[+1] Unknown command.
You hack one of the 17-headed hydra's heads off!
The 16-headed hydra grows two more!
You slice the 18-headed hydra with your +4 long sword of freezing!!
The 18-headed hydra seems to slow down.
You freeze the 18-headed hydra.
You barely miss the 18-headed hydra with the +6 scimitar of the Enemy.
The ogre changes into a cane toad!
The manticore bites you!
* * * LOW HITPOINT WARNING * * *
The manticore claws you.
* * * LOW HITPOINT WARNING * * *
The manticore closely misses you.
The 18-headed hydra bites you but does no damage. x2
The 18-headed hydra bites you.
* * * LOW HITPOINT WARNING * * *
The 18-headed hydra barely misses you.
The 18-headed hydra bites you but does no damage.
The 18-headed hydra bites you!
* * * LOW HITPOINT WARNING * * *
The 18-headed hydra bites you but does no damage.
The 18-headed hydra bites you!
* * * LOW HITPOINT WARNING * * *
The 18-headed hydra bites you but does no damage. x5
The 18-headed hydra bites you.
* * * LOW HITPOINT WARNING * * *
The 18-headed hydra bites you but does no damage. x3
The 18-headed hydra bites you.
You die...

Skill      XL: |  1  2  3  4  5  6  7  8  9 10 11 12 13 14 15 16 |
---------------+-------------------------------------------------+-----
Long Blades    | 4 5 6 8 9 10 12 13 14 15 16 | 16.5
Invocations    | 4 6 8 9 10 | 10.3
Fighting       | 8 9 10 | 10.9
Armour         | 6 10 | 10.7
Dodging        | 6 8 9 |  9.0
Throwing       | 3 7 8 |  8.9
Evocations     | 3 |  3.7

Action                     |  1- 3 |  4- 6 |  7- 9 | 10-12 | 13-15 | 16-18 || total
---------------------------+-------+-------+-------+-------+-------+-------++-------
  Melee: Long sword        |    33 |    86 |   284 |   497 |   876 |    23 ||  1799
         Dagger            |    27 |    76 |   254 |    34 |       |       ||   391
         Falchion          |       |       |       |   449 |   537 |       ||   986
         Scimitar          |       |       |       |       |   320 |    21 ||   341
  Throw: Throwing net      |       |       |       |       |     1 |       ||     1
 Invoke: Heroism           |       |       |     2 |    11 |    10 |     1 ||    24
         Receive Weapon    |       |       |       |       |     1 |       ||     1
         Receive Armour    |       |       |       |       |     1 |       ||     1
Ability: Invent Gizmo      |       |       |       |       |     1 |       ||     1
  Evoke: Wand              |       |       |       |       |     8 |       ||     8
    Use: Scroll            |     7 |     9 |     3 |    11 |     7 |       ||    37
         Potion            |     3 |     1 |     1 |     6 |     2 |       ||    13
   Stab: Sleeping          |     2 |     1 |     1 |     3 |     3 |       ||    10
         Invisible         |       |       |       |    15 |    11 |       ||    26
         Distracted        |       |       |       |     2 |       |       ||     2
 Armour: Leather armour    |    14 |    44 |   210 |   311 |   344 |       ||   923
         Crystal plate arm |       |       |       |       |   449 |    99 ||   548
  Dodge: Dodged            |    21 |    38 |   191 |   286 |   604 |    18 ||  1158

Levels and vault maps discovered:
D:1:      minmay_arrival_stair_chambers, layout_loops_ring
D:2:      layout_loops_ring, basic_altar, minmay_heptomino_o4
D:3:      layout_basic, grunt_temple_overflow_diamond, cheibriados_altar_1,
          serial_shops, shop, kennysheep_another_room
D:4:      layout_rooms, lemuel_blue_sif_altar
D:5:      layout_basic, old_standard_altar, zin_academy,
          minmay_temple_entry_junction, uniq_prince_ribbit1, uniq_eustachio
D:6:      layout_rooms, gup_sewer_entry_bubbles, gammafunk_ghost_abyssal_escape
D:7:      layout_basic, nicolae_gozag_cash_rules_everything_around_me,
          serial_shops, shop, uniq_menkaure, uniq_duvessa, uniq_joseph
D:8:      layout_loops_ring, nicolae_concentric_dashed_squares_wild,
          nicolae_blasting_shop
D:9:      layout_grid_maze, overflow_temple_1_default, dpeg_lair_monsters,
          serial_glass, glass_columns_c, glass_columns_a, due_unseen_surprise,
          feat_on_display, uniq_erolcha
D:10:     layout_roguey, lemuel_doored_altar, uniq_gastronok
D:11:     nzn_motion_control, layout_small_grid,
          portal_ice_cave_entry_pillars_1, hangedman_feature_mirror,
          nicolae_ru_the_path_less_chosen
D:12:     layout_basic, orc_david_3
D:13:     minmay_general_purpose_star, layout_basic, ximxim_vaults_locker_room,
          kennysheep_path_1, onia_ninara_cookie, uniq_snorg
D:14:     layout_loops_cross, hangedman_abyss_or_decor_stagger
D:15:     hellmonk_depths_entry_around_the_bend, layout_cave_pools,
          serial_shops, nicolae_shop_peninsula
Temple:   nicolae_temple_slightly_damp_pantheon
Lair:1:   layout_regular_city, lemuel_fruit_tree, serial_bayou_shore_a,
          grunt_megastairs_1
Lair:2:   layout_layer_cave, elwin_shoals_entry_rocks,
          nicolae_spider_entry_non_spiders, serial_bayou_pond_a
Lair:3:   layout_gridlike
Lair:4:   layout_layer_cave
Lair:5:   minmay_lair_end_frog_pond, layout_long_grid, slime_entry_1,
          infiniplex_staircase_pool

Notes
Turn   | Place    | Note
-------+----------+-------------------------------------------
     0 | D:1      | kae the Coglin Gladiator began the quest for the Orb.
     0 | D:1      | Reached XP level 1. HP: 16/16 MP: 1/1
     0 | D:1      | magus.rc [v1.11.3]
   346 | D:1      | Reached XP level 2. HP: 22/22 MP: 2/2
   939 | D:2      | Found a snail-covered altar of Cheibriados.
  1032 | D:2      | You pick up a book of Minor Magic and begin reading...
  1032 | D:2      | You add the spells Magic Dart, Blink and Call Imp to your
                  | library.
  1078 | D:2      | Reached skill level 4 in Long Blades
  1078 | D:2      | Reached XP level 3. HP: 18/27 MP: 3/3
  1104 | D:2      | Identified the +0 leather armour "Nehiefyz" {Dex+3}
  1398 | D:2      | You pick up a book of Spatial Translocations and begin
                  | reading...
  1398 | D:2      | You add the spells Momentum Strike and Lesser Beckoning to
                  | your library.
  1470 | D:2      | You pick up a book of the Senses and begin reading...
  1470 | D:2      | You add the spells Dazzling Flash, Mephitic Cloud, Curse of
                  | Agony and Silence to your library.
  1643 | D:3      | HP: 4/27 [acid (10)]
  1645 | D:3      | Reached skill level 5 in Long Blades
  1645 | D:3      | Reached XP level 4. HP: 5/33 MP: 4/4
  1797 | D:3      | Found a snail-covered altar of Cheibriados.
  1823 | D:3      | Reached XP level 5. HP: 21/38 MP: 5/5
  1923 | D:3      | Reached skill level 6 in Long Blades
  2305 | D:3      | Found Ysextiaf's General Store.
  2310 | D:3      | Bought a scroll of identify for 22 gold pieces
  2310 | D:3      | Bought a potion of heal wounds for 55 gold pieces
  2339 | D:3      | Found a hazy altar of Hepliaklqana.
  2343 | D:3      | Found a basalt altar of Yredelemnul.
  2347 | D:3      | Found a shadowy altar of Dithmenos.
  2607 | D:4      | Reached XP level 6. HP: 40/44 MP: 6/6
  2700 | D:4      | Found a shimmering blue altar of Sif Muna.
  2785 | D:4      | Reached skill level 7 in Long Blades
  3177 | D:5      | Entered Level 5 of the Dungeon
  3370 | D:5      | Noticed Prince Ribbit
  3407 | D:5      | HP: 6/44 [Prince Ribbit (14)]
  3417 | D:5      | Killed Prince Ribbit
  3418 | D:5      | Reached skill level 8 in Long Blades
  3418 | D:5      | Reached XP level 7. HP: 31/50 MP: 7/7
  3500 | D:5      | You pick up a book of Air and begin reading...
  3500 | D:5      | You add the spells Shock, Swiftness and Airstrike to your
                  | library.
  3508 | D:5      | Found a glowing silver altar of Zin.
  3618 | D:5      | Found a shimmering altar of Xom.
  3878 | D:5      | Found a staircase to the Ecumenical Temple.
  3892 | D:5      | Noticed Eustachio
  3893 | D:5      | Reached skill level 9 in Long Blades
  3895 | Temple   | Entered the Ecumenical Temple
  3934 | Temple   | Became a worshipper of Warmaster Okawaru
  3958 | D:5      | Gained mutation: Your flesh is cold resistant. (rC+)
                  | [potion of mutation]
  3958 | D:5      | Gained mutation: Your natural rate of healing is unusually
                  | fast. [potion of mutation]
  3969 | D:5      | Reached XP level 8. HP: 50/56 MP: 8/8
  3987 | D:5      | Killed Eustachio
  3988 | D:5      | Reached skill level 1 in Invocations
  4278 | D:5      | Reached skill level 2 in Invocations
  4462 | D:6      | Reached * piety under Okawaru
  4481 | D:6      | Reached skill level 3 in Invocations
  4506 | D:6      | Found a glowing drain.
  4515 | Sewer    | Entered a sewer
  4682 | Sewer    | Reached skill level 10 in Long Blades
  4963 | D:6      | Reached skill level 4 in Invocations
  4963 | D:6      | Reached XP level 9. HP: 61/61 MP: 10/12
  5167 | D:6      | Found a transporter.
  5201 | D:6      | Found a transporter.
  5210 | D:6      | Noticed an ancient zyme
  5220 | D:6      | Noticed Konar's ghost (novice CoHu)
  5229 | D:6      | Found a one-way gate to the infinite horrors of the Abyss.
  5230 | D:6      | Noticed an ancient zyme
  5469 | D:7      | Reached skill level 5 in Invocations
  5477 | D:7      | Reached skill level 11 in Long Blades
  5545 | D:7      | Reached ** piety under Okawaru
  5724 | D:7      | Noticed Duvessa
  5726 | D:7      | Noticed Dowan
  5733 | D:7      | Killed Duvessa
  5744 | D:7      | Killed Dowan
  5783 | D:7      | Found an opulent altar of Gozag.
  5793 | D:7      | Reached skill level 6 in Invocations
  6064 | D:7      | Found Binoyrr's Magic Scroll Boutique.
  6070 | D:7      | Bought a scroll of identify for 28 gold pieces
  6070 | D:7      | Bought a scroll of identify for 28 gold pieces
  6070 | D:7      | Bought a scroll of teleportation for 42 gold pieces
  6175 | D:7      | Noticed Joseph
  6187 | D:7      | HP: 15/61 [Joseph/+0 quarterstaff (15)]
  6191 | D:7      | Killed Joseph
  6191 | D:7      | Reached *** piety under Okawaru
  6192 | D:7      | Reached skill level 12 in Long Blades
  6192 | D:7      | Reached XP level 10. HP: 19/67 MP: 12/14
  6332 | D:7      | Noticed Menkaure
  6339 | D:7      | Killed Menkaure
  6582 | D:8      | Found Bosumnubb's Demolitions Depot.
  6619 | D:8      | You pick up a book of Weapons and begin reading...
  6619 | D:8      | You add the spells Dimensional Bullseye and Iskenderun's
                  | Mystic Blast to your library.
  6896 | D:8      | Reached skill level 7 in Invocations
  6945 | D:8      | Identified the +0 pair of boots of Valiance {Will+ Dex+3}
  7097 | D:8      | HP: 16/67 [gnoll sergeant/+0 trident (14)]
  7099 | D:8      | HP: 3/67 [gnoll sergeant/+0 trident (14)]
  7187 | D:8      | Reached **** piety under Okawaru
  7638 | D:9      | Found a staircase to the Lair.
  7692 | D:9      | Noticed a kobold demonologist
  7693 | D:9      | Noticed a kobold demonologist
  7697 | D:9      | Noticed a rust devil
  7702 | D:9      | Noticed a sixfirhy
  7705 | D:9      | Noticed a sun demon
  7710 | D:9      | Noticed a kobold demonologist
  7713 | D:9      | Killed a kobold demonologist
  7713 | D:9      | HP: 9/67 [sixfirhy[a kobold demonologist] (12)]
  7766 | D:9      | Noticed a soul eater
  7777 | D:8      | Killed a kobold demonologist
  7802 | D:9      | Killed a kobold demonologist
  7803 | D:9      | Reached skill level 13 in Long Blades
  7807 | D:9      | Reached skill level 8 in Invocations
  7822 | D:9      | Reached XP level 11. HP: 66/72 MP: 14/17
  7873 | D:9      | Reached ***** piety under Okawaru
  7931 | D:9      | You pick up a book of Conjurations and begin reading...
  7931 | D:9      | You add the spells Searing Ray and Fulminant Prism to your
                  | library.
  8390 | D:9      | Found a radiant altar of Vehumet.
  8449 | D:9      | Noticed Erolcha
  8456 | D:9      | Killed Erolcha
  8457 | D:9      | Reached skill level 3 in Fighting
  8827 | D:10     | Entered Level 10 of the Dungeon
  9022 | D:10     | Found a white marble altar of Elyvilon.
  9168 | D:10     | Noticed a cyclops
  9174 | D:10     | Killed a cyclops
  9242 | D:10     | Gastronok the Ponderous comes into view. He is wearing the
                  | +3 hat of Pondering {ponderous, Will+ MP+10 Int+5}.
  9242 | D:10     | Noticed Gastronok
  9267 | D:10     | Killed Gastronok
  9268 | D:10     | Reached skill level 5 in Fighting
  9268 | D:10     | Reached skill level 14 in Long Blades
  9554 | D:10     | Identified a scroll of acquirement
  9554 | D:10     | Acquired a manual of Invocations
  9659 | D:11     | Found a frozen archway.
  9659 | D:11     | Noticed a centaur warrior
  9674 | D:11     | Killed a centaur warrior
  9675 | D:11     | Reached skill level 6 in Fighting
  9683 | D:11     | Noticed a cyclops
  9699 | D:11     | Killed a cyclops
  9703 | D:11     | Received a gift from Okawaru
  9708 | D:11     | Reached skill level 7 in Fighting
  9738 | IceCv    | Entered an ice cave
  9956 | IceCv    | Reached skill level 8 in Fighting
 10117 | IceCv    | You pick up a book of Hexes and begin reading...
 10117 | IceCv    | You add the spells Anguish, Cause Fear and Enfeeble to your
                  | library.
 10398 | IceCv    | Reached XP level 12. HP: 81/94 MP: 18/18
 10513 | IceCv    | Reached skill level 9 in Fighting
 10537 | IceCv    | Noticed a reaper
 10554 | IceCv    | Killed a reaper
 10555 | IceCv    | Reached skill level 1 in Armour
 10555 | IceCv    | Reached skill level 3 in Dodging
 10557 | IceCv    | HP: 9/95 [dire elephant simulacrum (23)]
 10560 | IceCv    | HP: 2/95 [dire elephant simulacrum (11)]
 10566 | IceCv    | Reached skill level 2 in Armour
 10633 | IceCv    | Received a gift from Okawaru
 10673 | IceCv    | Identified the ring of Waunogg {rPois rF+++ Will+ Str+3}
 10682 | IceCv    | You pick up a book of Fire and begin reading...
 10682 | IceCv    | You add the spells Foxfire, Plasma Beam and Starburst to
                  | your library.
 10749 | IceCv    | HP: 21/95 [something (6)]
 10750 | IceCv    | Reached skill level 4 in Dodging
 10750 | IceCv    | HP: 8/95 [something (14)]
 10978 | D:11     | Reached skill level 3 in Armour
 10979 | D:11     | HP: 22/95 [manticore (5)]
 10980 | D:11     | HP: 7/95 [manticore (16)]
 11050 | D:11     | You pick up a book of Vapours and begin reading...
 11050 | D:11     | You add the spells Mercury Vapours and Freezing Cloud to
                  | your library.
 11066 | D:11     | Found a sacrificial altar of Ru.
 11096 | D:11     | HP: 22/95 [vampire mosquito (5)]
 11100 | D:11     | HP: 9/95 [vampire mosquito (5)]
 11183 | D:11     | Found a basalt altar of Yredelemnul.
 11190 | D:11     | Noticed a sun demon
 11199 | D:11     | Reached skill level 4 in Armour
 11199 | D:11     | Reached skill level 5 in Dodging
 11296 | D:11     | Noticed a catoblepas
 11314 | D:11     | HP: 8/95 [catoblepas (31)]
 11518 | D:11     | Killed a catoblepas
 11518 | D:11     | Received a gift from Okawaru
 11614 | D:11     | Noticed a two-headed ogre
 11618 | D:11     | Killed a two-headed ogre
 11690 | D:11     | Found an ornate altar of the Wu Jian Council.
 11901 | Lair:1   | Entered Level 1 of the Lair of Beasts
 11933 | Lair:1   | Reached skill level 5 in Armour
 11939 | Lair:1   | Reached skill level 6 in Dodging
 12297 | Lair:1   | Reached skill level 6 in Armour
 12305 | Lair:1   | Received a gift from Okawaru
 12435 | Lair:1   | Reached XP level 13. HP: 70/101 MP: 16/19
 12436 | Lair:1   | Reached skill level 7 in Dodging
 12583 | Lair:1   | Reached skill level 7 in Armour
 13127 | Lair:2   | HP: 16/101 [15-headed hydra (10)]
 13127 | Lair:2   | HP: 7/101 [15-headed hydra (9)]
 13148 | Lair:2   | HP: 20/101 [shot self (10)]
 13150 | Lair:2   | Reached skill level 8 in Dodging
 13252 | Lair:2   | Found a hole to the Spider Nest.
 13293 | Lair:2   | Found a staircase to the Shoals.
 13296 | Lair:2   | You pick up a book of Geomancy and begin reading...
 13296 | Lair:2   | You add the spells Sandblast, Passwall, Stone Arrow and
                  | Brom's Barrelling Boulder to your library.
 13370 | Lair:2   | Received a gift from Okawaru
 13401 | Lair:2   | Reached skill level 8 in Armour
 13580 | Lair:2   | Identified the +8 dire flail of Accord {freeze, rElec}
 14342 | Lair:3   | Reached skill level 9 in Armour
 14867 | Lair:4   | HP: 22/101 [blink frog (13)]
 14960 | Lair:4   | Identified the +2 flail "Xixuny" {drain, rCorr}
 14968 | Lair:4   | You pick up a book of the Wilderness and begin reading...
 15007 | Lair:4   | Received a gift from Okawaru
 15008 | Lair:4   | Reached skill level 10 in Armour
 15020 | Lair:4   | Reached skill level 2 in Throwing
 15210 | Lair:4   | Reached skill level 9 in Invocations
 15660 | Lair:4   | Reached skill level 3 in Throwing
 15817 | Lair:4   | You pick up a book of Debilitation and begin reading...
 15817 | Lair:4   | You add the spells Slow, Sigil of Binding, Vampiric
                  | Draining and Confusing Touch to your library.
 16008 | Lair:5   | Entered Level 5 of the Lair of Beasts
 16017 | Lair:4   | Reached XP level 14. HP: 108/108 MP: 20/20
 16239 | Lair:5   | HP: 27/108 [poisoned by a cane toad]
 16244 | Lair:5   | HP: 20/108 [poisoned by a cane toad]
 16429 | Lair:5   | Received a gift from Okawaru
 16454 | Lair:5   | Reached skill level 4 in Throwing
 16516 | Lair:5   | Reached skill level 10 in Fighting
 16524 | Lair:5   | HP: 23/110 [poisoned by a cane toad]
 16525 | Lair:5   | HP: 10/110 [vampire mosquito (8)]
 16543 | Lair:5   | HP: 12/110 [tyrant leech (21)]
 16788 | Lair:5   | Reached skill level 5 in Throwing
 16855 | Lair:5   | Reached skill level 15 in Long Blades
 17036 | Lair:5   | Found a staircase to the Slime Pits.
 17037 | Lair:5   | Found a viscous altar of Jiyva.
 17059 | Lair:5   | Received a gift from Okawaru
 17062 | Lair:5   | Reached skill level 6 in Throwing
 17485 | Lair:5   | Identified the +3 leather armour "Poselynn" {Str+5}
 17842 | D:12     | Found a staircase to the Orcish Mines.
 17889 | D:12     | Reached skill level 7 in Throwing
 17895 | D:12     | Reached ****** piety under Okawaru
 17934 | D:11     | Acquired the +6 scimitar of the Enemy {venom, rElec rPois
                  | rC+++ Int-4}
 17934 | D:11     | Received a gift from Okawaru
 17946 | D:11     | Acquired the +1 crystal plate armour of Okawaru's
                  | Benevolence {rF+ Int-4 Dex+2}
 17946 | D:11     | Received a gift from Okawaru
 17955 | D:11     | l - the +1 crystal plate armour of Okawaru's Benevolence
                  | {rF+ Int-4 Dex+2, rare}
 18536 | D:13     | Received a gift from Okawaru
 18584 | D:13     | You pick up a book of Winter and begin reading...
 18584 | D:13     | You add the spells Ozocubu's Armour and Metabolic
                  | Englaciation to your library.
 18740 | D:13     | Reached XP level 15. HP: 114/115 MP: 21/21
 18772 | D:13     | Reached skill level 16 in Long Blades
 18777 | D:13     | You finish putting on the +1 crystal plate armour of
                  | Okawaru's Benevolence {rF+ Int-4 Dex+2, rare}.
 19020 | D:13     | Reached skill level 8 in Throwing
 19027 | D:13     | HP: 27/115 [20-headed hydra (8)]
 19027 | D:13     | HP: 10/115 [20-headed hydra (8)]
 19035 | D:13     | HP: 9/115 [centaur warrior/arrow (7)]
 19133 | D:12     | Acquired a N-8700 neosubsystem {Gadgeteer, rPois rCorr
                  | Slay+3}
 19176 | D:13     | Noticed Snorg
 19194 | D:13     | Killed Snorg
 19335 | D:13     | Received a gift from Okawaru
 19391 | D:13     | HP: 26/113 [19-headed hydra (6)]
 19574 | D:13     | Found a gate to the Vaults.
 20174 | D:14     | Reached skill level 1 in Evocations
 20226 | D:14     | You pick up a book of Hexes and begin reading...
 20354 | D:14     | Received a gift from Okawaru
 20372 | D:14     | Reached skill level 2 in Evocations
 20546 | D:14     | Reached skill level 10 in Invocations
 20786 | D:15     | Entered Level 15 of the Dungeon
 20821 | D:14     | Received a gift from Okawaru
 20823 | D:14     | Reached skill level 3 in Evocations
 20914 | D:15     | Reached XP level 16. HP: 84/124 MP: 23/23
 21094 | D:15     | Found the +8 demon trident "Rift" {distort, reach+}
 21231 | D:15     | Reached skill level 9 in Dodging
 21242 | D:15     | Paralysed by something for 5 turns
 21257 | D:15     | Found a staircase to the Depths.
 21266 | D:15     | HP: 25/124 [manticore (11)]
 21266 | D:15     | HP: 11/124 [18-headed hydra (10)]
 21266 | D:15     | HP: 4/124 [18-headed hydra (7)]
 21266 | D:15     | HP: 1/124 [18-headed hydra (3)]
 21266 | D:15     | Slain by an 18-headed hydra

Vanquished Creatures
  Gastronok (D:10)
  A reaper (IceCv)
  Snorg (D:13)
  6 hydras
  2 vault guards (D:13)
  Erolcha (D:9)
  A catoblepas (D:11)
  6 centaur warriors
  2 boulder beetles
  9 two-headed ogres
  2 ogre magi
  4 tengu warriors
  9 death yaks
  A deep troll earth mage (D:15)
  2 skysharks
  4 skeletal warriors (D:14)
  A goliath frog (Lair:5)
  An arcanist (D:13)
  A lindwurm (Lair:5)
  2 orc knights
  3 deep elf pyromancers
  7 ugly things
  9 manticores
  6 cyclopes
  3 meliai
  2 black mambas
  An ice statue (IceCv)
  Joseph (D:7)
  A rime drake (Lair:2)
  23 cane toads
  2 efreet
  A freezing wraith (D:15)
  7 komodo dragons
  An unseen horror (D:12)
  3 anaconda simulacra (IceCv)
  7 kobold demonologists
  2 polar bears (Lair:1)
  4 trolls
  3 tyrant leeches (Lair:5)
  Prince Ribbit (D:5)
  35 blink frogs
  10 slime creatures
  A shadow (D:13)
  3 wyverns
  54 yaks
  2 dire elephant simulacra (IceCv)
  A vampire (D:9)
  3 wraiths
  10 humans (D:13)
  Eustachio (D:5)
  4 basilisks
  A warg (D:15)
  15 vampire mosquitoes
  2 death yak simulacra (IceCv)
  Menkaure (D:7)
  2 steam dragons
  2 hydra simulacra (IceCv)
  Duvessa (D:7)
  An acid dragon (D:9)
  13 water moccasins
  2 sky beasts
  8 orc warriors
  3 black bears
  3 laughing skulls
  7 wolves
  3 ogres
  15 centaurs
  3 phantoms
  7 two-headed ogre simulacra (IceCv)
  12 bullfrogs
  2 gnoll sergeants
  4 scorpions
  10 kobold brigands
  2 cane toad simulacra (IceCv)
  11 wights
  Dowan (D:7)
  3 elephant simulacra (IceCv)
  4 killer bees (D:8)
  3 electric eels (Lair:5)
  14 howler monkeys
  3 jellies
  A hound (D:7)
  6 orc priests
  2 gnoll boudas
  9 iguanas
  15 orc wizards
  A sleepcap (D:5)
  A polar bear simulacrum (IceCv)
  4 troll simulacra (IceCv)
  5 spriggan simulacra (IceCv)
  A wolf simulacrum (IceCv)
  9 adders
  19 gnolls
  4 naga simulacra (IceCv)
  A shadow imp (D:8)
  12 white imps
  5 ufetubi (IceCv)
  A ribbon worm (Lair:2)
  A dart slug (D:4)
  46 orcs
  A bat (Sewer)
  8 endoplasms
  7 giant cockroaches
  3 hobgoblins
  43 kobolds
  2 quokkas
  2 ball pythons (Sewer)
  5 frilled lizards
  4 goblins
  11 rats
655 creatures vanquished.

Vanquished Creatures (others)
  2 centaurs (D:12)
2 creatures vanquished.

Grand Total: 657 creatures vanquished

Table legend:
 A = Non-vault XP
 B = Vault XP
 C = Vault XP percentage of total XP
 D = Non-vault monster count
 E = Vault monster count
 F = Vault count percentage of total count
                 A         B        C        D         E       F
            +---------+---------+-------+---------+---------+-------
      Total |   86508 |   45804 |  34.6 |     445 |     210 |  32.1
            +---------+---------+-------+---------+---------+-------
        D:1 |      17 |       0 |   0.0 |      12 |       0 |   0.0
        D:2 |      41 |       7 |  14.6 |       9 |       4 |  30.8
        D:3 |     206 |       0 |   0.0 |      13 |       0 |   0.0
        D:4 |     260 |       0 |   0.0 |      14 |       0 |   0.0
        D:5 |     657 |     488 |  42.6 |      18 |       2 |  10.0
        D:6 |     970 |      20 |   2.0 |      22 |       6 |  21.4
        D:7 |    1501 |     848 |  36.1 |      33 |       4 |  10.8
        D:8 |    1688 |       0 |   0.0 |      24 |       0 |   0.0
        D:9 |    3034 |    1965 |  39.3 |      27 |       9 |  25.0
       D:10 |     825 |    1461 |  63.9 |      20 |       1 |   4.8
       D:11 |    6340 |    1683 |  21.0 |      33 |       4 |  10.8
       D:12 |    5282 |    1129 |  17.6 |      28 |       7 |  20.0
       D:13 |    7725 |   16009 |  67.5 |      23 |      33 |  58.9
       D:14 |   15672 |       0 |   0.0 |      30 |       0 |   0.0
       D:15 |    5547 |    3389 |  37.9 |      16 |       6 |  27.3
     Lair:1 |    5983 |    2085 |  25.8 |      29 |       9 |  23.7
     Lair:2 |    4871 |    1102 |  18.4 |      18 |       8 |  30.8
     Lair:3 |    3150 |       0 |   0.0 |      10 |       0 |   0.0
     Lair:4 |   11006 |     869 |   7.3 |      31 |       5 |  13.9
     Lair:5 |   11733 |    9323 |  44.3 |      35 |      31 |  47.0
      Sewer |       0 |     250 | 100.0 |       0 |      30 | 100.0
      IceCv |       0 |    5176 | 100.0 |       0 |      51 | 100.0
            +---------+---------+-------+---------+---------+-------

Skill      XL: |  1  2  3  4  5  6  7  8  9 10 11 12 13 14 15 16 |
---------------+-------------------------------------------------+-----
Long Blades    | 4 5 6 8 9 10 12 13 14 15 16 | 16.5
Invocations    | 4 6 8 9 10 | 10.3
Fighting       | 8 9 10 | 10.9
Armour         | 6 10 | 10.7
Dodging        | 6 8 9 |  9.0
Throwing       | 3 7 8 |  8.9
Evocations     | 3 |  3.7

Action                     |  1- 3 |  4- 6 |  7- 9 | 10-12 | 13-15 | 16-18 || total
---------------------------+-------+-------+-------+-------+-------+-------++-------
  Melee: Long sword        |    33 |    86 |   284 |   497 |   876 |    23 ||  1799
         Dagger            |    27 |    76 |   254 |    34 |       |       ||   391
         Falchion          |       |       |       |   449 |   537 |       ||   986
         Scimitar          |       |       |       |       |   320 |    21 ||   341
  Throw: Throwing net      |       |       |       |       |     1 |       ||     1
 Invoke: Heroism           |       |       |     2 |    11 |    10 |     1 ||    24
         Receive Weapon    |       |       |       |       |     1 |       ||     1
         Receive Armour    |       |       |       |       |     1 |       ||     1
Ability: Invent Gizmo      |       |       |       |       |     1 |       ||     1
  Evoke: Wand              |       |       |       |       |     8 |       ||     8
    Use: Scroll            |     7 |     9 |     3 |    11 |     7 |       ||    37
         Potion            |     3 |     1 |     1 |     6 |     2 |       ||    13
   Stab: Sleeping          |     2 |     1 |     1 |     3 |     3 |       ||    10
         Invisible         |       |       |       |    15 |    11 |       ||    26
         Distracted        |       |       |       |     2 |       |       ||     2
 Armour: Leather armour    |    14 |    44 |   210 |   311 |   344 |       ||   923
         Crystal plate arm |       |       |       |       |   449 |    99 ||   548
  Dodge: Dodged            |    21 |    38 |   191 |   286 |   604 |    18 ||  1158

Illustrated notes

Table legend:
 A = Kills in this place as a percentage of kills in the entire game.
 B = Kills by you in this place as a percentage of kills by you in the entire game.
 C = Kills by friends in this place as a percentage of kills by friends in the entire game.
 D = Other kills in this place as a percentage of other kills in the entire game.
 E = Experience gained in this place as a percentage of experience gained in the entire game.
 F = Experience gained in this place divided by the number of levels of this place that you have seen.
                   A       B       C       D       E      F
               +-------+-------+-------+-------+-------+----------------------
         Total | 100.0 | 100.0 |   N/A |   N/A | 100.0 | 5752.7
       Dungeon |  60.8 |  60.8 |   N/A |   N/A |  58.0 | 5117.6
          Lair |  26.9 |  26.9 |   N/A |   N/A |  37.9 | 10024.4
         Sewer |   4.6 |   4.6 |   N/A |   N/A |   0.2 | 250.0
      Ice Cave |   7.8 |   7.8 |   N/A |   N/A |   3.9 | 5176.0
               +-------+-------+-------+-------+-------+----------------------

Table legend: (Time is in decaauts)
 A = Elapsed time spent in this place.
 B = Non-inter-level travel time spent in this place.
 C = Inter-level travel time spent in this place.
 D = Time resting spent in this place.
 E = Time spent auto-exploring this place.
 F = Levels seen in this place.
 G = Mean time per level.
                   A        B        C        D        E       F      G
               +--------+--------+--------+--------+--------+-----+--------+
         Total |  20808 |  19790 |   1018 |   1618 |  14338 |  23 |  904.7 |
       Dungeon |  13699 |  12931 |    768 |   1039 |   9522 |  15 |  913.3 |
        Temple |     60 |     19 |     41 |      0 |     18 |   1 |   60.0 |
          Lair |   5654 |   5445 |    209 |    364 |   4073 |   5 | 1130.8 |
         Sewer |    280 |    280 |      0 |      0 |    170 |   1 |  280.0 |
      Ice Cave |   1113 |   1113 |      0 |    215 |    554 |   1 | 1113.0 |
               +--------+--------+--------+--------+--------+-----+--------+

Top non-repeatable levels by time:
  Lair:4: 1475 daAuts
     D:5: 1307 daAuts
     D:7: 1293 daAuts
  Lair:5: 1284 daAuts
    D:13: 1261 daAuts
    D:11: 1177 daAuts
  Lair:2: 1129 daAuts
   IceCv: 1113 daAuts
     D:9: 1085 daAuts
     D:8: 1045 daAuts
  Lair:1: 964 daAuts
    D:14: 950 daAuts
     D:3: 885 daAuts
     D:1: 863 daAuts
  Lair:3: 800 daAuts
